 Dungeon Crawl Stone Soup version 0.30-a0-756-gc2185399d4 (webtiles) character file.

Game seed: 8404082214239611862

417 Dirtsage the Carver (level 6, -8/44 HPs)
             Began as a Merfolk Gladiator on Feb 9, 2023.
             Killed by divine providence
             ... invoked by an orc priest
              (14 damage)
             ... on level 5 of the Dungeon.
             The game lasted 00:07:32 (3252 turns).

Dirtsage the Carver (Merfolk Gladiator)             Turns: 3252, Time: 00:07:33

Health: -8/44      AC:  5    Str: 15    XL:     6   Next: 92%
Magic:  6/6        EV: 11    Int:  7    God:
Gold:   233        SH:  0    Dex: 17    Spells: 5/5 levels left

rFire   . . .      SeeInvis .    a - +0 long sword
rCold   . . .      Faith    .    (no shield)
rNeg    . . .      Spirit   .    g - +4 scale mail
rPois   .          Reflect  .    y - +2 helmet
rElec   .          Harm     .    (no cloak)
rCorr   .          Rampage  .    (no gloves)
Will    .....                    (no boots) Stlth
                                 (no amulet)
HPRegen 0.27/turn                (no ring)
MPRegen 0.10/turn                (no ring)

@: corroded
A: (nimble swimmer 2), mertail
a: no special abilities


You were on level 5 of the Dungeon.
You visited 1 branch of the dungeon, and saw 5 of its levels.

You collected 233 gold pieces.

Inventory:

Hand Weapons
 a - a +0 long sword (weapon)
Missiles
 d - 4 throwing nets (quivered)
 e - a javelin
Armour
 b - a +0 leather armour
 c - a +0 helmet
 g - a +4 scale mail (worn)
 y - a +2 helmet (worn)
Wands
 x - a wand of mindburst (11)
Scrolls
 f - 3 scrolls of identify {unknown}
 h - 2 scrolls of teleportation {unknown}
 i - a scroll of immolation {unknown}
 k - a scroll of blinking {unknown}
 m - a scroll of brand weapon {unknown}
 q - a scroll of poison {unknown}
 v - a scroll of fog {unknown}
 w - a scroll of amnesia {unknown}
 z - a scroll of noise {unknown}
Potions
 j - 3 potions of curing {unknown}
 l - a potion of magic {unknown}
 n - 3 potions of might {unknown}
 o - 2 potions of berserk rage {unknown}
 p - a potion of resistance {unknown}
 r - a potion of lignification {unknown}
 s - a potion of attraction {unknown}
 t - 3 potions of degeneration {unknown}
 u - 2 potions of heal wounds {unknown}


   Skills:
 - Level 2.1 Fighting
 + Level 9.1 Long Blades
 - Level 2.0 Throwing
 - Level 4.0 Dodging


You had 5 spell levels left.
You didn't know any spells.
Your spell library contained the following spells:

 Spells                   Type           Power      Damage    Failure   Level
 Shock                    Conj/Air       0%         1d3       89%         1
 Swiftness                Air            0%         N/A       99%         3
 Airstrike                Air            0%         2d(0-16)  100%        4


Dungeon Overview and Level Annotations

Branches:
Dungeon (5/15)
 Temple: D:4-7

Altars:
Cheibriados
Trog
Uskayaw

Shops:
D:1 [


Innate Abilities, Weirdness & Mutations

((You are very nimble when in or above water. (Stealth+, EV+, Speed+++)))
Your lower body shifts to a powerful aquatic tail in water.


Message History

You feel sick.
You are no longer poisoned.
The jelly hits you but does no damage.
You take 3 damage, and have 23/43 hp.
You slash the jelly! The acid corrodes you!
Your hands burn!
The jelly is heavily wounded.
The jelly closely misses you.
You take 2 damage, and have 21/43 hp.
You completely miss the jelly.
The jelly is heavily wounded.
The jelly hits you but does no damage.
You slash the jelly!
You kill the jelly!
Your life force feels restored.
Your Long Blades skill increases to level 9!
You see here an adder corpse.
You see here a necrophage corpse.
Found an escape hatch in the ceiling.
An orc comes into view. It is wielding a +0 club.
The orc shouts!
An orc priest comes into view. It is wielding a +0 dagger.
The orc priest shouts!
An orc comes into view. It is wielding a +0 short sword.
You see here a necrophage corpse.
The orc shouts!
The orc hits you with a +0 club.
You see here a necrophage corpse.
You take 4 damage, and have 22/44 hp.
You hit the orc but do no damage. The orc hits you with a +0 club.
You take 4 damage, and have 18/44 hp.
You barely miss the orc.
The orc priest invokes the aid of Beogh against you.
Beogh smites you!
* * * LOW HITPOINT WARNING * * *
The orc barely misses you.
You take 12 damage, and have 6/44 hp.
MASSIVE DAMAGE!!
You hear the slow rusting of a distant drain.
The orc priest calls down the wrath of Beogh upon you.
Beogh smites you!
You die...

#...# . .# #...#
.#####.#### #...#
#<.........
#####...####[# ..#..#
............# #...)
..........o.# #..#
...........o## ##.<#.#...
####...####†###..........
#...# ##o@.##.#......
#...# ######.#######
#.o.# #.# #)..# #.. #.o.#
##. ..o.. .# ##?.#. .#


You could see an orc priest and 2 orcs.

Vanquished Creatures
  2 phantoms (D:4)
  A necrophage (D:5)
  A jelly (D:5)
  6 gnolls
  3 adders
  4 dart slugs
  An orc (D:4)
  11 endoplasms
  7 giant cockroaches
  13 goblins
  8 hobgoblins
  4 quokkas
  7 ball pythons
  2 bats (D:2)
  5 frilled lizards
  6 kobolds
  9 rats
90 creatures vanquished.

Notes
Turn   | Place    | Note
-------+----------+-------------------------------------------
     0 | D:1      | Dirtsage the Merfolk Gladiator began the quest for the Orb.
     0 | D:1      | Reached XP level 1. HP: 16/16 MP: 1/1
   109 | D:1      | Reached skill level 4 in Long Blades
   122 | D:1      | Reached XP level 2. HP: 22/22 MP: 2/2
   459 | D:1      | Reached XP level 3. HP: 27/27 MP: 3/3
   486 | D:1      | Reached skill level 5 in Long Blades
   671 | D:1      | Found Icis's Armour Shop.
   795 | D:2      | Reached XP level 4. HP: 4/33 MP: 4/4
   926 | D:2      | Reached skill level 6 in Long Blades
  1107 | D:2      | Found a faded altar of an unknown god.
  1109 | D:2      | Identified the +1 spear "Beetlebane" {heavy, rPois Str+5}
  1201 | D:2      | Identified the +3 spear of the Unliving {venom, *Rage rN++
                  | Will++}
  1478 | D:3      | Reached XP level 5. HP: 38/38 MP: 5/5
  1513 | D:3      | Reached skill level 7 in Long Blades
  2490 | D:4      | Found a snail-covered altar of Cheibriados.
  2597 | D:4      | Noticed a phantom
  2612 | D:4      | Killed a phantom
  2613 | D:4      | Reached XP level 6. HP: 43/44 MP: 6/6
  2631 | D:4      | Reached skill level 8 in Long Blades
  2843 | D:4      | Identified the +2 whip of Unpleasantness {heavy, Dex+2}
  3123 | D:4      | Found a hide-covered altar of Uskayaw.
  3123 | D:4      | Found a bloodstained altar of Trog.
  3200 | D:5      | Entered Level 5 of the Dungeon
  3232 | D:5      | Reached skill level 9 in Long Blades
  3252 | D:5      | Killed from afar by an orc priest

Illustrated notes

Levels and vault maps discovered:
D:1:      amcnicky_arrival_gap_in_the_tavern_cellar, layout_loops_ring,
          serial_shops, shop_fountains
D:2:      layout_rooms, hellmonk_ecumenical_altar_prayer_group
D:3:      layout_basic, dreamdust_mushroom_princess, minmay_door_square
D:4:      layout_loops_ring, gammafunk_temple_overflow_elements,
          mainiacjoe_overflow_paths, grunt_decor_arrowhead,
          serial_bayou_lagoon_a
D:5:      layout_loops_cross, gup_sewer_entry_glass, serial_shops, shop_scrolls

Skill      XL: |  1  2  3  4  5  6 |
---------------+-------------------+-----
Long Blades    | 4 5 6 7 9 |  9.1
Fighting       | |  2.1
Throwing       | |  2.0
Dodging        | |  4.0

Action                     |  1- 3 |  4- 6 || total
---------------------------+-------+-------++-------
  Melee: Long sword        |    88 |   192 ||   280
         Punch             |     1 |       ||     1
 Armour: Scale mail        |    37 |    79 ||   116
  Dodge: Dodged            |    40 |    92 ||   132

Table legend: (Time is in decaauts)
 A = Elapsed time spent in this place.
 B = Non-inter-level travel time spent in this place.
 C = Inter-level travel time spent in this place.
 D = Time resting spent in this place.
 E = Time spent auto-exploring this place.
 F = Levels seen in this place.
 G = Mean time per level.
                   A        B        C        D        E       F      G
               +--------+--------+--------+--------+--------+-----+--------+
         Total |   3262 |   3188 |     74 |    104 |   2446 |   5 |  652.4 |
       Dungeon |   3262 |   3188 |     74 |    104 |   2446 |   5 |  652.4 |
               +--------+--------+--------+--------+--------+-----+--------+

Top non-repeatable levels by time:
     D:3: 1007 daAuts
     D:1: 861 daAuts
     D:4: 770 daAuts
     D:2: 571 daAuts
     D:5: 50 daAuts
